 Dungeon Crawl Stone Soup version 0.29-a0-409-gd843f3a48c (webtiles) character file.

Game seed: 12773051842063262816

154 dolemite99 the Skirmisher (level 5, -1/42 HPs)
             Began as a Demonspawn Chaos Knight on May 14, 2022.
             Was a Plaything of Xom.
             Slain by a gnoll
             ... wielding a +0 spear
             ... led by a gnoll sergeant
              (5 damage)
             ... on level 4 of the Dungeon.
             The game lasted 00:03:30 (2610 turns).

dolemite99 the Skirmisher (Demonspawn Chaos Knight) Turns: 2610, Time: 00:03:31

Health: -1/42      AC:  6    Str: 14    XL:     5   Next: 13%
Magic:  5/5        EV: 11    Int: 14    God:    Xom [......]
Gold:   186        SH:  3    Dex: 12    Spells: 4/4 levels left

rFire   . . .      SeeInvis .   s - +0 trident
rCold   . . .      Faith    .   q - +0 buckler
rNeg    . . .      Spirit   .   b - +2 leather armour
rPois   .          Reflect  .   (no helmet)
rElec   .          Harm     .   (no cloak)
rCorr   +          Rampage  .   e - +0 pair of gloves
Will    .....                   (no boots)
Stlth   +.........              (no amulet)
HPRegen 0.14/turn               f - ring of resist corrosion
MPRegen 0.09/turn               (no ring)

@: cleaving
A: demonic guardian 1, spiny 2
a: Renounce Religion


You were on level 4 of the Dungeon.
You worshipped Xom.
You were a very special plaything of Xom.
You visited 1 branch of the dungeon, and saw 4 of its levels.

You collected 186 gold pieces.

Inventory:

Hand Weapons
 a - a +0 spear of chaos
 m - a +0 hunting sling
 s - a +0 trident (weapon)
Missiles
 d - 100 stones
 h - 2 curare-tipped darts
 n - 5 silver javelins
Armour
 b - a +2 leather armour (worn)
 e - a +0 pair of gloves (worn)
 i - a +0 scale mail
 q - a +0 buckler (worn)
Jewellery
 f - a ring of resist corrosion (left hand)
Wands
 t - a wand of polymorph (12)
Scrolls
 j - 4 scrolls of identify {unknown}
 k - a scroll of teleportation {unknown}
 l - a scroll of amnesia {unknown}
 o - a scroll of enchant armour {unknown}
 r - 2 scrolls of torment {unknown}
Potions
 p - a potion of mutation {unknown}
 u - a potion of lignification {unknown}
Miscellaneous
 c - a piece from Xom's chessboard (1/15) (quivered)


   Skills:
 + Level 4.1 Fighting
 * Level 3.8 Polearms
 - Level 1.7 Armour
 + Level 2.5 Dodging


You had 4 spell levels left.
You didn't know any spells.
Your spell library contained the following spells:

 Spells                   Type           Power      Damage    Failure   Level
 Call Canine Familiar     Summ           0%         N/A       83%         3
 Portal Projectile        Hex/Tloc       0%         N/A       83%         3
 Leda's Liquefaction      Hex/Erth       0%         N/A       99%         4


Dungeon Overview and Level Annotations

Branches:
Dungeon (4/15)
 Temple: D:4-7

Altars:
The Shining One


Innate Abilities, Weirdness & Mutations

A weak demonic guardian rushes to your aid.
You are mostly covered in sharp spines.


Message History

The gnoll is severely wounded.
You hit the gnoll sergeant.
The gnoll hits you from afar with a +0 spear.
The gnoll is struck by your spines.
You kill the gnoll!
The gnoll sergeant closely misses you.
Your piece from Xom's chessboard (1/15) has regained one charge.
You closely miss the gnoll sergeant.
The gnoll sergeant is heavily wounded.
The gnoll hits you from afar with a +0 spear.
* * * LOW HITPOINT WARNING * * *
The gnoll barely misses you.
The gnoll sergeant hits you with a +0 spear.
* * * LOW HITPOINT WARNING * * *
A demonic guardian appears!
You feel better.
The gnoll hits you from afar with a +0 spear.
The gnoll completely misses you.
The gnoll sergeant hits you with a +0 spear!
* * * LOW HITPOINT WARNING * * *
You feel better.
The gnoll hits you from afar with a +0 spear.
* * * LOW HITPOINT WARNING * * *
The gnoll hits you but does no damage. The gnoll sergeant closely misses you.
Your iron imp hits the gnoll sergeant.
You feel better.
The gnoll hits you from afar with a +0 spear. x2
* * * LOW HITPOINT WARNING * * *
The gnoll sergeant barely misses your iron imp.
Your iron imp barely misses the gnoll sergeant.
You hit the gnoll sergeant.
The gnoll sergeant is heavily wounded.
You block the gnoll's attack. The gnoll hits you but does no damage.
The gnoll sergeant closely misses you.
Your iron imp barely misses the gnoll sergeant.
The gnoll hits you but does no damage.
The gnoll sergeant hits you with a +0 spear!
* * * LOW HITPOINT WARNING * * *
The gnoll hits you from afar with a +0 spear.
You die...

......####, ##........#******,,,,
,.........,,,'........,,, ,, ,,,>
*#.........###....... , ,,, , ,,
*#..................,,,,,,,,*,,,,
...................,, , , , , ,
##................, * ,, , * ,,
...........g..g.#** *,, ,,*,,,
,.....####*, **#§# ***+ ** *,,
......#####,* #@# *,, ,,,*,
#.###...g...####g######* **** * *
.., *.###.....§g§5§...#*,,, *,* *
,,,,*,* #.....§§§§....# *, *,* *
, , ,,* #.............#*,* **,,,,
,, ** #.............##..,,*, ,*
,,,* #.............##..,,,,,,* *
** #.............##..,, ,, ,,*
#.............##.# * * ,*


You could see a gnoll sergeant (ally target), 2 gnolls and a friendly iron imp
(summoned).

Vanquished Creatures
  A jelly (D:4)
  A hound (D:4)
  A gnoll (D:4)
  2 adders
  2 worms (D:3)
  A dart slug (D:2)
  An orc (D:3)
  5 ball pythons
  6 endoplasms
  4 giant cockroaches
  3 goblins
  8 hobgoblins
  3 quokkas (D:2)
  A bat (D:1)
  3 frilled lizards
  A kobold (D:1)
  2 rats
45 creatures vanquished.

Vanquished Creatures (collateral kills)
  An adder (D:2)
  An endoplasm (D:1)
  A rat (D:1)
3 creatures vanquished.

Vanquished Creatures (others)
  A rat (D:3)
1 creature vanquished.

Grand Total: 49 creatures vanquished

Notes
Turn   | Place    | Note
-------+----------+-------------------------------------------
     0 | D:1      | dolemite99 the Demonspawn Chaos Knight began the quest for
                  | the Orb.
     0 | D:1      | Reached XP level 1. HP: 18/18 MP: 1/1
    14 | D:1      | XOM: silly message
    87 | D:1      | XOM: silly message
   179 | D:1      | Reached skill level 1 in Dodging
   396 | D:1      | Gained mutation: A weak demonic guardian rushes to your
                  | aid. [demonic ancestry]
   396 | D:1      | Reached XP level 2. HP: 16/24 MP: 2/2
   523 | D:1      | XOM: silly message
   687 | D:1      | XOM: silly message
  1136 | D:2      | XOM: cast spell 'Summon Ice Beast'
  1140 | D:2      | Gained mutation: You are partially covered in sharp spines.
                  | [demonic ancestry]
  1140 | D:2      | Reached XP level 3. HP: 27/29 MP: 3/3
  1165 | D:2      | XOM: divination: detect items
  1174 | D:2      | XOM: noise
  1698 | D:2      | XOM: silly message
  1770 | D:2      | Found a faded altar of an unknown god.
  1793 | D:3      | XOM: stealth player
  1869 | D:3      | XOM: summons 2 hostile demons
  2009 | D:3      | Reached XP level 4. HP: 37/37 MP: 4/4
  2171 | D:3      | XOM: 1-stop teleportation journey
  2291 | D:3      | XOM: confuse monster(s)
  2350 | D:3      | XOM: scenery: summon butterflies
  2408 | D:4      | XOM: 3-stop teleportation journey
  2440 | D:4      | Reached skill level 4 in Fighting
  2543 | D:4      | Gained mutation: You are mostly covered in sharp spines.
                  | [demonic ancestry]
  2543 | D:4      | Reached XP level 5. HP: 39/42 MP: 5/5
  2592 | D:4      | XOM: divination: magic mapping
  2595 | D:4      | XOM: fog
  2599 | D:4      | XOM: cleaving
  2604 | D:4      | XOM: noise
  2610 | D:4      | Slain by a gnoll

Illustrated notes

Levels and vault maps discovered:
D:1:      onia_arrival_mini_maze, layout_basic
D:2:      layout_loops_ring, shapermc_ecumenical_altar_mp_vishouse,
          minmay_fountain_box, minmay_tall_x
D:3:      layout_loops_cross, lemuel_doored_altar, chequers_decorated_corner
D:4:      layout_basic, mainiacjoe_overflow_big_doors,
          nicolae_kikubaaqudgha_miasma_corner

Skill      XL: |  1  2  3  4 |
---------------+-------------+-----
Dodging        | 1 2 |  2.5
Polearms       | 3 |  3.8
Fighting       | 4 |  4.1
Armour         | |  1.7

Action                   |  1- 3 |  4- 6 || total
-------------------------+-------+-------++-------
Melee: Spear             |   129 |    10 ||   139
       Punch             |     1 |       ||     1
       Trident           |       |    15 ||    15
Evoke: Piece from Xom's  |    18 |     4 ||    22
  Use: Potion            |       |     4 ||     4
 Stab: Petrified         |     1 |       ||     1
       Sleeping          |     2 |       ||     2
       Petrifying        |     1 |       ||     1
       Paralysed         |       |     4 ||     4
Armor: Leather armour    |    58 |     8 ||    66
Dodge: Dodged            |    63 |    12 ||    75
Block: Buckler           |     4 |     4 ||     8

Table legend: (Time is in decaauts)
 A = Elapsed time spent in this place.
 B = Non-inter-level travel time spent in this place.
 C = Inter-level travel time spent in this place.
 D = Time resting spent in this place.
 E = Time spent auto-exploring this place.
 F = Levels seen in this place.
 G = Mean time per level.
                   A        B        C        D        E       F      G
               +--------+--------+--------+--------+--------+-----+--------+
         Total |   2603 |   2564 |     39 |      0 |   1987 |   4 |  650.8 |
       Dungeon |   2603 |   2564 |     39 |      0 |   1987 |   4 |  650.8 |
               +--------+--------+--------+--------+--------+-----+--------+

Top non-repeatable levels by time:
     D:1: 969 daAuts
     D:2: 816 daAuts
     D:3: 604 daAuts
     D:4: 212 daAuts
